 Dungeon Crawl Stone Soup version 0.18.1-8-gdd0e5ea (webtiles) character file.

3941 tyvek the Spear-Bearer (level 10, -3/80 HPs)
             Began as a Merfolk Gladiator on May 24, 2016.
             Was an Elder of Okawaru.
             Killed from afar by a wizard (41 damage)
             ... with a crystal spear
             ... on level 9 of the Dungeon.
             The game lasted 00:17:44 (9189 turns).

tyvek the Spear-Bearer (Merfolk Gladiator)          Turns: 9189, Time: 00:17:45

Health: -3/80      AC: 13    Str: 15    XL:     10   Next: 21%
Magic:  9/10       EV: 19    Int: 11    God:    Okawaru [****..]
Gold:   388        SH:  0    Dex: 15    Spells: 0 memorised, 9 levels left

rFire  . . .     SeeInvis +     a - +0 trident
rCold  . . .     Gourm    .     k - +2 ring mail {rN+}
rNeg   + . .     Faith    .     (no shield)
rPois  .         Spirit   .     c - +0 helmet
rElec  .         Dismiss  .     o - +1 cloak
rCorr  .         Reflect  .     (no gloves)
SustAt .         Harm     .     e - +1 pair of boots
MR     .....                    (no amulet)
Stlth  ++........               l - ring of see invisible {sInv, !d}
                                u - +5 ring of slaying

@: heroism, drained, not resistant to hostile enchantments, unstealthy
A: change form in water, swift swim
a: Heroism, Renounce Religion


You were on level 9 of the Dungeon.
You worshipped Okawaru.
Okawaru was greatly pleased with you.
You were not hungry.

You visited 1 branch of the dungeon, and saw 9 of its levels.
You also visited: Sewer and Ossuary.

You collected 532 gold pieces.
You spent 144 gold pieces at shops.

Inventory:

Hand Weapons
 a - a +0 trident (weapon)
 b - a +0 halberd
   (You took it off a gnoll on level 6 of the Dungeon)
Missiles
 d - 4 throwing nets (quivered) {=f, !d}
Armour
 c - a +0 helmet (worn)
 e - a +1 pair of boots (worn)
   (You found it on level 6 of the Dungeon)
 k - a +2 ring mail of positive energy (worn)
   (You found it on level 2 of the Dungeon)
 o - a +1 cloak (worn)
   (You bought it in a shop on level 5 of the Dungeon)
 J - a troll hide {Purgy}
   (You found it in a sewer)
Jewellery
 l - a ring of see invisible (right hand) {sInv, !d}
   (You found it on level 6 of the Dungeon)
 u - a +5 ring of slaying (left hand)
   (You found it on level 5 of the Dungeon)
 y - an uncursed ring of sustain attributes
   (You found it in an ossuary)
 I - an uncursed ring of positive energy {rN+}
   (You took it off a gnoll on level 7 of the Dungeon)
Scrolls
 i - 4 scrolls of fear
 j - 4 scrolls of blinking {!r}
 n - a scroll of amnesia
 s - 2 scrolls of enchant weapon
 w - 5 scrolls of remove curse
 K - 3 scrolls of teleportation
 L - a scroll of fog
 N - a scroll of magic mapping {!r}
 X - 3 scrolls of recharging
Potions
 h - 6 potions of cure mutation {!q}
 m - 5 potions of brilliance
 p - a potion of mutation {!q}
 x - a potion of agility {unknown}
 z - 3 potions of cancellation
 A - 2 potions of might {unknown}
 B - 7 potions of curing
 C - a potion of heal wounds
 D - 3 potions of haste
 E - 2 potions of lignification {unknown}
 F - 2 potions of magic
 G - a potion of degeneration {unknown}
 H - 3 potions of flight
Books
 t - a book of Ice
   (You found it on level 4 of the Dungeon)
 M - a book of Maledictions
   (You found it on level 7 of the Dungeon)
 P - a book of Annihilations
   (You found it on level 9 of the Dungeon)
 Q - a book of Summonings
   (You found it on level 8 of the Dungeon)
 T - a book of Geomancy
   (You found it on level 8 of the Dungeon)
Comestibles
 f - 7 bread rations {@e1}
 g - 4 meat rations {@e2}
 r - a royal jelly
 O - 10 fruits
 R - 6 beef jerkies


   Skills:
 + Level 8.3(12.3) Fighting
 * Level 14.4(18.4) Polearms
 - Level 2.0(6.2) Throwing
 + Level 10.0(14.1) Dodging


You had 9 spell levels left.
You didn't know any spells.

Dungeon Overview and Level Annotations

Branches:
Dungeon (9/15)             Temple (0/1) D:4
   Lair: D:8-11         Orc: D:9-12

Altars:
Cheibriados
Elyvilon
Gozag
Okawaru
Qazlal
Trog
Vehumet
Xom
The Shining One

Shops:
D:5 [   D:6 %   D:7 %   D:8 (


Message History

There is a stone staircase leading down here.
q - a scroll of identify No target in view!
You now have 388 gold pieces (gained 13).
You are near starving!
Eat which item? (? for menu, Esc to quit)
You continue eating. x2
You finish eating.
That bread ration really hit the spot!
Read which item? (? for menu, Esc to quit)
Identify which item? (\ to view known items) (? for menu, Esc to quit)
As you read the scroll of identify, it crumbles to dust.
F - 2 potions of magic An orc comes into view.
It is wielding a lajatang.
The orc shouts!
You hit the orc. The orc closely misses you.
An orc is nearby!
An orc is nearby!
You closely miss the orc.
An orc is nearby!
You hit the orc but do no damage. The orc barely misses you.
An orc is nearby!
You hit the orc but do no damage. You puncture the orc!
You kill the orc!
Okawaru accepts your kill.
X - 3 scrolls of recharging (gained 1)
Things that are here:
a lajatang; a chain mail No target in view!
Things that are here:
a lajatang; a chain mail
Found a shimmering altar of Xom.
An ogre comes into view. It is wielding a giant club.
An ogre is nearby!
An ogre is nearby!
The ogre shouts!
An ogre is nearby!
You puncture the ogre! The ogre misses you.
You puncture the ogre! You barely miss the ogre. The ogre misses you.
You puncture the ogre!
You kill the ogre!
Okawaru accepts your kill.
No target in view!
No target in view!
A wizard comes into view. It is wielding a dagger.
A wizard is nearby!
A wizard is nearby!
The wizard shouts!
The wizard gestures wildly while chanting.
The wizard blinks!
No target in view!
The wizard gestures at you while chanting.
The bolt of cold misses you.
The wizard gestures at you while chanting.
The bolt of fire misses you.
Unknown command.
Attack whom?
Aim: a wizard, wielding a dagger and wearing a robe You reach to attack!
You closely miss the wizard.
Attack whom?
Aim: a wizard, wielding a dagger and wearing a robe You reach to attack!
You miss the wizard.
The wizard points at you and mumbles some strange words.
The bolt of cold hits you!
You hear a shout!
You take 32 damage, and have 48/80 hp.
MASSIVE DAMAGE!!
You are too injured to fight recklessly!
You are too injured to fight recklessly!
You are too injured to fight recklessly!
You gain the combat prowess of a mighty hero.
You feel slightly more hungry.
A crimson imp comes into view. It is wielding a mace.
You now have 8/10 mp.
You barely miss the wizard. You closely miss the wizard.
The wizard hits you but does no damage.
You miss the wizard. The wizard casts a spell at you.
The bolt of cold hits you!
You take 12 damage, and have 36/80 hp.
You puncture the wizard! You barely miss the wizard.
The wizard hits you but does no damage.
You closely miss the wizard. You hit the wizard.
The wizard casts a spell.
The wizard blinks!
The crimson imp closely misses you.
You puncture the crimson imp!
You kill the crimson imp!
Okawaru accepts your kill.
You hit the wizard. You barely miss the wizard.
The wizard points at you and mumbles some strange words.
The crystal spear misses you.
You barely miss the wizard.
The wizard points at you and mumbles some strange words.
The crystal spear hits you!
Ouch! That really hurt!
You die...

#.#####.##
##....#.....#
#.......#
.......#....#......
#######.# .....
#..#.......# #.#
.....##..##.#.####
#.# .... #........#
#.####..#
#.....####
#....#''###.....#
######p..##.....#
##### #@#.##.....#
#...# #.#.##.(...#
#.... #.#.########
#...# #.#)# ##.##
##.#.# #########.#
##....###.......#.#
#......##..####.#.#
#...##.##._####.#.#
#.................#


You could see a wizard.

Vanquished Creatures
  The ghost of smeego the Chiller, a novice HEIE (D:5)
  Prince Ribbit (D:7)
  A wraith (Ossuary)
  A wyvern (D:8)
  A hippogriff (D:9)
  A hungry ghost (D:8)
  Purgy (Sewer)
  A sky beast (D:8)
  2 ice beasts (D:7)
  A phantom (D:4)
  6 ogres
  A gnoll sergeant (D:8)
  2 wyvern zombies (D:9)
  A water moccasin zombie (D:8)
  A scorpion (D:4)
  9 killer bees
  A howler monkey (D:6)
  2 electric eels (D:8)
  3 crimson imps
  A quasit (D:8)
  A centaur zombie (D:8)
  2 hounds
  A jelly (D:6)
  2 centaur skeletons
  An orc priest (D:4)
  A giant frog skeleton (D:9)
  Jessica (D:3)
  An iguana (D:6)
  3 orc wizards
  8 worker ants
  2 hound skeletons (D:5)
  3 mummies (Ossuary)
  A howler monkey zombie (D:8)
  A howler monkey skeleton (D:5)
  A worker ant zombie (D:8)
  10 gnolls
  18 adders
  A shadow imp (D:8)
  2 adder skeletons
  3 worms
  3 dart slugs
  8 giant geckos
  18 orcs
  4 bats
  11 giant cockroaches
  A gnoll zombie (Ossuary)
  4 hobgoblins
  9 jackals
  4 quokkas
  A ball python (Sewer)
  A ball python skeleton (D:5)
  A giant cockroach zombie (D:5)
  13 giant newts
  9 goblins
  4 goblin zombies (Ossuary)
  2 hobgoblin zombies (Ossuary)
  11 kobolds
  2 kobold zombies (Ossuary)
  A quokka skeleton (D:5)
  4 rats
212 creatures vanquished.

Vanquished Creatures (others)
  A worker ant zombie (D:8)
  An orc zombie (Ossuary)
2 creatures vanquished.

Grand Total: 214 creatures vanquished

Notes
Turn   | Place    | Note
--------------------------------------------------------------
     0 | D:1      | tyvek the Merfolk Gladiator began the quest for the Orb.
     0 | D:1      | Reached XP level 1. HP: 16/16 MP: 1/1
   132 | D:1      | Reached XP level 2. HP: 22/23 MP: 2/2
   175 | D:1      | Reached skill level 5 in Polearms
   490 | D:1      | Reached XP level 3. HP: 28/28 MP: 3/3
   843 | D:2      | Reached skill level 3 in Fighting
  1032 | D:2      | Found a bloodstained altar of Trog.
  1189 | D:2      | Reached XP level 4. HP: 33/35 MP: 4/4
  1300 | D:2      | Reached skill level 6 in Polearms
  1696 | D:3      | HP: 5/35 [something/magic dart (7)]
  1699 | D:3      | HP: 1/35 [something (4)]
  1713 | D:3      | Reached skill level 5 in Dodging
  1713 | D:3      | Reached XP level 5. HP: 28/41 MP: 5/5
  1952 | D:3      | Noticed Jessica
  1962 | D:3      | Killed Jessica
  2231 | D:3      | Found a white marble altar of Elyvilon.
  2241 | D:3      | Found an iron altar of Okawaru.
  2275 | D:3      | Reached skill level 7 in Polearms
  2324 | D:3      | Became a worshipper of Warmaster Okawaru
  2513 | D:4      | Found an opulent altar of Gozag.
  2513 | D:4      | Found a glowing golden altar of the Shining One.
  2692 | D:4      | Found a radiant altar of Vehumet.
  2787 | D:4      | Reached XP level 6. HP: 12/48 MP: 6/6
  2787 | D:4      | HP: 11/48 [poisoned by a scorpion]
  2981 | D:4      | Reached skill level 4 in Fighting
  2999 | D:4      | HP: 2/48 [orc priest/nerve-wracking pain (11)]
  3034 | D:4      | HP: 11/48 [orc wizard/magic dart (10)]
  3045 | D:4      | Reached skill level 8 in Polearms
  3455 | D:4      | Reached * piety under Okawaru
  3501 | D:4      | Found a staircase to the Ecumenical Temple.
  3701 | D:4      | Noticed a phantom
  3719 | D:4      | Killed a phantom
  3719 | D:4      | Reached skill level 6 in Dodging
  3719 | D:4      | Reached XP level 7. HP: 36/55 MP: 7/7
  3828 | D:5      | Entered Level 5 of the Dungeon
  3903 | D:5      | Reached skill level 9 in Polearms
  3925 | D:5      | Found Adghyug's Antique Armour Shoppe.
  3933 | D:5      | Bought a runed cloak for 144 gold pieces
  4020 | D:5      | Found a sand-covered staircase.
  4080 | Ossuary  | Entered an ossuary
  4080 | Ossuary  | Noticed a wraith
  4080 | Ossuary  | Noticed a wraith
  4080 | Ossuary  | Noticed a wraith
  4169 | Ossuary  | Noticed a wraith
  4181 | Ossuary  | Killed a wraith
  4181 | Ossuary  | Reached ** piety under Okawaru
  4181 | Ossuary  | Reached skill level 5 in Fighting
  4462 | Ossuary  | Reached XP level 8. HP: 62/62 MP: 8/8
  4592 | D:5      | Reached skill level 10 in Polearms
  4607 | D:5      | Reached skill level 7 in Dodging
  4830 | D:5      | Noticed smeego's ghost (novice HEIE)
  4844 | D:5      | Killed smeego's ghost
  4978 | D:6      | Found a glowing drain.
  5010 | D:6      | Reached skill level 11 in Polearms
  5045 | Sewer    | Entered a sewer
  5101 | Sewer    | Noticed Purgy
  5109 | Sewer    | Killed Purgy
  5109 | Sewer    | Reached skill level 6 in Fighting
  5580 | D:6      | Found Nibaica's Food Boutique.
  5601 | D:6      | Reached skill level 8 in Dodging
  5669 | D:6      | Reached *** piety under Okawaru
  5678 | D:6      | Reached XP level 9. HP: 40/70 MP: 7/9
  5688 | D:6      | Reached skill level 12 in Polearms
  5985 | D:6      | Got a tattered robe
  6027 | D:6      | Identified the +1 robe "Xuac" {*Corrode +Fly Str+3} (You found it on level 6 of the Dungeon)
  6751 | D:7      | Found Qostreli's Food Boutique.
  6878 | D:7      | Received a gift from Okawaru
  6920 | D:7      | Noticed Prince Ribbit
  6938 | D:7      | Killed Prince Ribbit
  6938 | D:7      | Reached skill level 7 in Fighting
  6938 | D:7      | Reached skill level 9 in Dodging
  6979 | D:7      | Reached skill level 13 in Polearms
  7281 | D:7      | You fall through a shaft for 2 floors!
  7502 | D:8      | Found a stormy altar of Qazlal.
  7526 | D:8      | Reached **** piety under Okawaru
  8256 | D:8      | Reached skill level 14 in Polearms
  8256 | D:8      | Reached XP level 10. HP: 67/80 MP: 10/10
  8278 | D:8      | Reached skill level 8 in Fighting
  8346 | D:8      | Reached skill level 10 in Dodging
  8565 | D:8      | Found a snail-covered altar of Cheibriados.
  8587 | D:8      | Found Douh's Weapon Boutique.
  9137 | D:9      | Found a shimmering altar of Xom.
  9171 | D:9      | Noticed a wizard
  9189 | D:9      | Killed from afar by a wizard

Skill      XL: |  1  2  3  4  5  6  7  8  9 10 |
---------------+-------------------------------+-----
Polearms       | 5 6 7 8 9 11 14 | 14.4
Fighting       | 3 4 5 6 7 8 |  8.3
Dodging        | 5 6 8 9 10 | 10.0
Throwing       | |  2.0

Action                   |  1- 3 |  4- 6 |  7- 9 | 10-12 || total
-------------------------+-------+-------+-------+-------++-------
Melee: Trident           |   130 |   227 |   432 |    97 ||   886
       Tailslap          |       |       |     1 |       ||     1
Invok: Heroism           |       |       |     2 |     1 ||     3
  Use: Potion            |     1 |     4 |       |       ||     5
       Scroll            |       |     8 |    10 |     2 ||    20
 Stab: Sleeping          |     2 |     2 |     2 |       ||     6
  Eat: Beef jerky        |       |     1 |     1 |       ||     2
       Meat ration       |       |     1 |       |       ||     1
       Chunk             |       |     3 |     3 |     2 ||     8
       Bread ration      |       |       |     2 |     1 ||     3
Armor: Leather armour    |    42 |    22 |       |       ||    64
       Ring mail         |       |    13 |    78 |    17 ||   108
       Skin              |       |       |     4 |       ||     4
Dodge: Dodged            |    75 |   104 |   194 |    28 ||   401

Vault maps used:
D:1:      evilmike_arrival_plus
D:2:      marbit_many_paths, st_stairs_3, minmay_cut_off
D:3:      amethyst_overflow_temple_binary, first_bread, uniq_jessica
D:4:      gammafunk_temple_overflow_elements, kennysheep_little_box,
          temple_fountains
D:5:      serial_shops, nicolae_shop_overgrown_old_shop, enter_ossuary_1,
          st_stairs_1
D:6:      serial_shops, shop_statue, gup_sewer_entry_glass,
          grunt_decor_mini_mirrors, minivault_10, item_on_display_a
D:7:      serial_shops, kennysheep_mini, uniq_prince_ribbit1
D:8:      wad_river_or_something, grunt_qazlal_clouds,
          cheibriados_altar_wand_db, serial_shops, nicolae_shop_behind_doors,
          grunt_ogre_cave
D:9:      overflow_temple_1_default, lightli_wizard_tower
Sewer:    sewer_co_purgy_island
Ossuary:  ossuary_kennysheep_city_of_the_dead

Table legend:
 A = Turns spent in this place as a percentage of turns spent in the entire game.
 B = Non-inter-level travel turns spent in this place as a percentage of non-inter-level travel turns spent in the entire game.
 C = Inter-level travel turns spent in this place as a percentage of turns spent in this place.
 D = Turns resting spent in this place as a percentage of non-inter-level travel turns spent in this place.
 E = Turns spent auto-exploring this place as a percentage of non-inter-level travel turns spent in this place.
 F = Non-inter-level travel turns spent in this place divided by the number of levels of this place that you've seen.
                   A       B       C       D       E      F
               +-------+-------+-------+-------+-------+----------------------
         Total | 100.0 | 100.0 |   0.5 |   1.5 |  13.2 | 258.2
       Dungeon |  89.6 |  89.5 |   0.5 |   1.5 |  12.7 | 282.4
         Sewer |   3.9 |   3.9 |   0.0 |   2.7 |  16.4 | 110.0
       Ossuary |   6.6 |   6.6 |   0.0 |   2.1 |  18.6 | 188.0
               +-------+-------+-------+-------+-------+----------------------

Table legend:
 A = Kills in this place as a percentage of kills in entire the game.
 B = Kills by you in this place as a percentage of kills by you in the entire game.
 C = Kills by friends in this place as a percentage of kills by friends in the entire game.
 D = Other kills in this place as a percentage of other kills in the entire game.
 E = Experience gained in this place as a percentage of experience gained in the entire game.
 F = Experience gained in this place divided by the number of levels of this place that you have seen.
                   A       B       C       D       E      F
               +-------+-------+-------+-------+-------+----------------------
         Total | 100.0 | 100.0 |  -nan |  -nan | 100.0 | 511.9
       Dungeon |  90.6 |  90.6 |  -nan |  -nan |  92.4 | 578.3
         Sewer |   3.3 |   3.3 |  -nan |  -nan |   2.5 | 142.0
       Ossuary |   6.1 |   6.1 |  -nan |  -nan |   5.0 | 284.0
               +-------+-------+-------+-------+-------+----------------------
